 Dungeon Crawl Stone Soup version 0.31-a0-702-gf82c85558f (webtiles) character file.

Game seed: 14120685097841858035

336 qw the Shooter (level 6, -1/38 HPs)
             Began as a Gargoyle Hunter on Sept 7, 2023.
             Killed from afar by an orc wizard (6 damage)
             ... with a magic dart
             ... on level 4 of the Dungeon.
             The game lasted 00:01:05 (2732 turns).

qw the Shooter (Gargoyle Hunter)                    Turns: 2732, Time: 00:01:06

Health: -1/38      AC:  8    Str: 14    XL:     6   Next: 54%
Magic:  6/6        EV: 11    Int: 10    God:
Gold:   116        SH:  0    Dex: 15    Spells: 5/5 levels left

rFire   . . .        Y - +2 shortbow
rCold   . . .        (shield currently unavailable)
rNeg    + . .        c - +0 leather armour
rPois   inf          e - +0 helmet
rElec   +            (no cloak)
rCorr   .            (no gloves)
SInv    .            (no boots)
Will    .....        (no amulet)
Stlth   ++           (no ring)
HPRegen 0.26/turn    (no ring)
MPRegen 0.10/turn

%: no passive effects
@: no status effects
A: sickness immunity, AC +4, negative energy resistance 1, electricity
resistance, torment resistance 1, petrification resistance
a: no special abilities


You were on level 4 of the Dungeon.
You visited 1 branch of the dungeon, and saw 4 of its levels.

You collected 116 gold pieces.


Innate Abilities, Weirdness & Mutations

You are immune to sickness and miasma.
Your stone body is resilient. (AC +4)
You are immune to poison.
You resist negative energy. (rN+)
You are resistant to electric shocks. (rElec)
You are resistant to unholy torment.
You are immune to petrification.


   Skills:
 - Level 4.0 Fighting
 + Level 6.7 Ranged Weapons
 - Level 1.1 Armour
 - Level 1.5 Dodging
 - Level 1.1 Stealth


You had 5 spell levels left.
You didn't know any spells.
Your spell library was empty.

Inventory:

Hand Weapons
 Y - a +2 shortbow (weapon)
Armour
 b - a +0 leather armour of cold resistance
 c - a +0 leather armour (worn)
 e - a +0 helmet (worn)
Jewellery
 i - a ring of ice
Scrolls
 a - 3 scrolls of teleportation {unknown}
 d - 5 scrolls of identify
 k - a scroll of vulnerability {unknown}
Potions
 f - a potion of heal wounds {unknown}
 g - a potion of resistance {unknown}
 h - a potion of berserk rage {unknown}
 j - a potion of cancellation {unknown}
 l - 2 potions of might {unknown}

Dungeon Overview and Level Annotations

Branches:
Dungeon (4/15)
 Temple: D:4-7

Altars:

Shops:
D:1 :   D:2 [


Message History

The orc hits you but does no damage. x2
You shoot an arrow. The arrow closely misses the orc.
The orc hits you but does no damage. The orc hits you with a +0 club.
Something hits you.
You shoot an arrow. The arrow hits the orc!
You kill the orc!
An orc comes into view. It is wielding a +0 trident.
The orc barely misses you. Something hits you.
You shoot an arrow. The arrow hits the orc!
You kill the orc!
Something hits you but does no damage.
You shoot an arrow. The arrow hits the orc wizard.
The orc wizard is lightly wounded.
The orc wizard points at you and mumbles some strange words.
You are confused.
Something hits you.
The orc wizard casts a spell.
The orc wizard flickers and vanishes!
Something hits you. Something hits you. The orc hits you but does no damage.
You hear some strange, mumbled words.
A puff of flame appears from out of thin air!
The puff of flame hits you. Something hits you. The orc misses you.
Something hits you. Something hits you but does no damage.
The orc closely misses you. Something hits you but does no damage.
You hear some strange, mumbled words.
Something tries to affect you, but you resist.
The orc closely misses you. Something hits you but does no damage.
You feel less confused. Something hits you but does no damage.
The orc hits you but does no damage. Something hits you.
You shoot an arrow. The arrow closely misses the orc.
You hear some strange, mumbled words.
A magic dart appears from out of thin air!
The magic dart hits you. The orc closely misses you.
You hear some strange, mumbled words.
A magic dart appears from out of thin air!
The magic dart hits you.
You die...

#########
.........
#.......#
#.......#
#....o{)###
+...).{@'.#
#.....).#.#
...######.######
. +......>....#
######...####
#...####
#......#
#..#######
#.........


You could see an orc.

Vanquished Creatures
  An ogre (D:4)
  A hound (D:4)
  An iguana (D:4)
  An orc wizard (D:4)
  5 gnolls
  4 adders
  2 worms
  A dart slug (D:1)
  6 orcs (D:4)
  4 bats
  7 endoplasms
  3 giant cockroaches
  10 goblins
  7 hobgoblins
  6 quokkas
  4 ball pythons
  2 frilled lizards
  10 kobolds
  7 rats
82 creatures vanquished.

Notes
Turn   | Place    | Note
-------+----------+-------------------------------------------
     0 | D:1      | qw the Gargoyle Hunter began the quest for the Orb.
     0 | D:1      | Reached XP level 1. HP: 12/12 MP: 1/1
     0 | D:1      | 0 ||| qw: Version: 0.3-a-76-g4403597
     0 | D:1      | 0 ||| qw: Game counter: 865
     0 | D:1      | 0 ||| qw: Melee chars always use a shield: true
     0 | D:1      | 0 ||| qw: God list: Okawaru
     0 | D:1      | 0 ||| qw: Allow faded altars: false
     0 | D:1      | 0 ||| qw: Do Orc after clearing Dungeon:15 true
     0 | D:1      | 0 ||| qw: Do second Lair branch before Depths: true
     0 | D:1      | 0 ||| qw: Lair rune preference: random
     0 | D:1      | 0 ||| qw: Goals: Normal
     0 | D:1      | 0 ||| PLANNING D:1-11
   113 | D:1      | Reached XP level 2. HP: 17/17 MP: 2/2
   251 | D:1      | Reached XP level 3. HP: 21/21 MP: 3/3
   319 | D:1      | Reached skill level 5 in Ranged Weapons
   349 | D:1      | Found Godekk's Book Shoppe.
   636 | D:1      | 636 ||| UPGRADING to +0 helmet.
   641 | D:1      | 641 ||| READING scroll labelled MYSKAM NUISTRA.
   642 | D:1      | 642 ||| READING scroll labelled USE JOIPLEOK.
   643 | D:1      | 643 ||| READING scroll labelled UNTUNI FOMERCH.
   644 | D:1      | 644 ||| DROPPING scroll of butterflies.
   678 | D:2      | Found Cuhui's Armour Shoppe.
   686 | D:2      | Reached skill level 3 in Fighting
   695 | D:2      | 695 ||| SHOPLISTING +0 pair of gloves (58 gold, have 51).
   695 | D:2      | 695 ||| SHOPLISTING +2 robe of willpower (230 gold, have
                  | 51).
   802 | D:2      | Reached XP level 4. HP: 28/28 MP: 4/4
  1369 | D:2      | 1369 ||| READING scroll labelled EKHLIH TILEUNE.
  1370 | D:2      | 1370 ||| READING scroll labelled PUCSIERUDGHYEJ.
  1385 | D:3      | Found a faded altar of an unknown god.
  1394 | D:3      | 1394 ||| STAIRDANCE
  1746 | D:3      | 1746 ||| READING scroll of enchant weapon.
  1746 | D:3      | 1746 ||| ENCHANTING +1 shortbow.
  1990 | D:3      | Reached XP level 5. HP: 32/32 MP: 5/5
  2059 | D:3      | 2059 ||| READING scroll labelled AFOADAR XOJA.
  2060 | D:3      | 2060 ||| READING scroll labelled WESKAF DIRPH.
  2061 | D:3      | 2061 ||| READING 2 scrolls labelled HAMMUENWYPRA.
  2160 | D:4      | Reached skill level 6 in Ranged Weapons
  2168 | D:4      | Reached skill level 1 in Armour
  2487 | D:4      | Reached XP level 6. HP: 38/38 MP: 6/6
  2732 | D:4      | HP: 5/38 [something/magic dart (5)]
  2732 | D:4      | Killed from afar by an orc wizard

Levels and vault maps discovered:
D:1:      erik_arrival_cave_to_civilisation [erik_arrival_cave_to_hall],
          layout_rooms, serial_shops, nicolae_diamond_shop, minmay_bisected
D:2:      layout_basic, serial_shops, shop
D:3:      layout_basic, nicolae_ecumenical_oubliette
D:4:      layout_basic, palyth_temple_overflow_mages, dk_rats_in_the_wall

Skill      XL: |  1  2  3  4  5 |
---------------+----------------+-----
Ranged Weapons | 5 6 |  6.7
Fighting       | 3 4 |  4.0
Armour         | 1 |  1.1
Dodging        | |  1.5
Stealth        | |  1.1

Action                     |  1- 3 |  4- 6 || total
---------------------------+-------+-------++-------
   Fire: Shortbow          |    98 |   188 ||   286
    Use: Scroll            |     3 |     6 ||     9
 Armour: Leather armour    |    29 |    81 ||   110
  Dodge: Dodged            |    31 |    65 ||    96

Table legend:
 A = Non-vault XP
 B = Vault XP
 C = Vault XP percentage of total XP
 D = Non-vault monster count
 E = Vault monster count
 F = Vault count percentage of total count
                 A         B        C        D         E       F
            +---------+---------+-------+---------+---------+-------
      Total |     477 |       3 |   0.6 |      80 |       2 |   2.4
            +---------+---------+-------+---------+---------+-------
        D:1 |      57 |       3 |   5.0 |      26 |       2 |   7.1
        D:2 |      57 |       0 |   0.0 |      21 |       0 |   0.0
        D:3 |      48 |       0 |   0.0 |      13 |       0 |   0.0
        D:4 |     315 |       0 |   0.0 |      20 |       0 |   0.0
            +---------+---------+-------+---------+---------+-------
